 Dungeon Crawl Stone Soup version 0.27.0-1-g7a089689b8 (webtiles) character file.

Game seed: 9724466101243163159

30 Descartes the Digger (level 3, 0/18 HPs)
             Began as a Vine Stalker Wanderer on Aug 15, 2021.
             Succumbed to an adder's poison
             ... on level 2 of the Dungeon.
             The game lasted 00:01:51 (1737 turns).

Descartes the Digger (Vine Stalker Wanderer)        Turns: 1737, Time: 00:01:51

Health: 0/18       AC:  3    Str: 17    XL:     3   Next: 20%
Magic:  1/4        EV: 11    Int: 10    God:
Gold:   80         SH:  0    Dex: 13    Spells: 2/2 levels left

rFire    . . .     SeeInvis .   a - +0 short sword
rCold    . . .     Faith    .   (no shield)
rNeg     . . .     Spirit   +   c - +0 leather armour
rPois    .         Reflect  .   (no helmet)
rElec    .         Harm     .   (no cloak)
rCorr    .         Rampage  .   (no gloves)
Will     .....                  (no boots)
Stlth    +.........             (no amulet)
HPRegen  0.06/turn              (no ring)
MPRegen  0.09/turn              (no ring)

@: lethally poisoned (0 -> -5)
A: fangs 2, magic shield, antimagic bite, no potion heal 2
a: no special abilities


You were on level 2 of the Dungeon.
You visited 1 branch of the dungeon, and saw 2 of its levels.

You collected 80 gold pieces.

Inventory:

Hand Weapons
 a - a +0 short sword (weapon)
 e - a +0 dagger
Missiles
 b - 4 throwing nets (quivered)
 d - 12 poisoned darts
 i - 15 bolts
 k - 81 stones
Armour
 c - a +0 leather armour (worn)
Scrolls
 f - a scroll of teleportation {unknown}
 g - a scroll of enchant weapon {unknown}
 m - a scroll of silence {unknown}
 n - a scroll of identify {unknown}
Potions
 h - a potion of invisibility {unknown}
 j - 2 potions of heal wounds {unknown}
 l - a potion of curing {unknown}


   Skills:
 + Level 1.0 Fighting
 + Level 2.4 Short Blades
 + Level 1.3 Throwing
 + Level 0.2 Armour
 + Level 1.7 Dodging
 + Level 0.5 Stealth
 + Level 1.0 Shields
 + Level 1.0 Hexes
 + Level 2.4 Earth Magic


You had 2 spell levels left.
You didn't know any spells.
Your spell library was empty.

Dungeon Overview and Level Annotations

Branches:
Dungeon (2/15)

Altars:


Innate Abilities, Weirdness & Mutations

You have extremely sharp teeth.
When hurt, damage is shared between your health and your magic reserves.
Your bite disrupts and absorbs the magic of your enemies.
Potions cannot restore your health.


Message History

You completely miss the hobgoblin.
You bite the hobgoblin, but do no damage.
The endoplasm freezes you.
You are frozen.
The hobgoblin closely misses you.
You hit the hobgoblin but do no damage. The endoplasm freezes you.
You are frozen.
The hobgoblin hits you.
You hit the hobgoblin.
You kill the hobgoblin!
The endoplasm freezes you.
You are frozen.
You are too injured to fight recklessly!
You are too injured to fight recklessly!
You are too injured to fight recklessly!
You are too injured to fight recklessly!
You are too injured to fight recklessly!
You are too injured to fight recklessly!
You are too injured to fight recklessly!
You are too injured to fight recklessly!
You are too injured to fight recklessly!
You are too injured to fight recklessly!
You are too injured to fight recklessly!
You are too injured to fight recklessly!
You are too injured to fight recklessly!
You are too injured to fight recklessly!
You are too injured to fight recklessly!
The endoplasm barely misses you.
Unknown command.
The rat twitches its whiskers.
The adder bites you.
You closely miss the adder. The adder bites you but does no damage.
You hit the adder. Your bite misses the adder.
The adder is moderately wounded.
The adder bites you.
* * * LOW HITPOINT WARNING * * *
The adder bites you.
* * * LOW HITPOINT WARNING * * *
You are lethally poisoned!
The adder poisons you!
You die...

#.. .. .. ###
#..#.###.#. ..
#..........
#.###........+ ..#
........ #.# .....
#.## #.$# ####..#
#r.#
##########..@.S###..#
...........###.J##..#
...........# #...r..#
...........# ##.###.#
..........## #.. .#
..........# ##+# +#
..........#
..........#
#######'###


You could see an adder, an endoplasm and a rat.

Vanquished Creatures
  2 ball pythons (D:1)
  3 endoplasms (D:1)
  A giant cockroach (D:1)
  4 hobgoblins
  4 jackals (D:1)
  A quokka (D:1)
  5 bats (D:1)
  A frilled lizard (D:1)
  4 kobolds (D:1)
  A rat (D:1)
26 creatures vanquished.

Notes
Turn   | Place    | Note
-------+----------+-------------------------------------------
     0 | D:1      | Descartes the Vine Stalker Wanderer began the quest for the
                  | Orb.
     0 | D:1      | Descartes set off with the following items: a +0 short
                  | sword, 4 throwing nets, a +0 leather armour, 12 poisoned
                  | darts, a +0 dagger
     0 | D:1      | Reached XP level 1. HP: 10/10 MP: 2/2
   148 | D:1      | Reached XP level 2. HP: 9/14 MP: 1/3
  1319 | D:1      | Reached XP level 3. HP: 17/18 MP: 4/4
  1737 | D:2      | Succumbed to an adder's poison

Illustrated notes

Levels and vault maps discovered:
D:1:      arrival_zaba_pyramid, layout_basic, minmay_pentomino_t4
D:2:      layout_basic, serial_shops, shop, ebering_ecumenical_altar_rust,
          minmay_surrounded

Skill      XL: |  1 |
---------------+----+-----
Short Blades   | 2 |  2.4
Fighting       | |  1.0
Throwing       | |  1.3
Armour         | |  0.2
Dodging        | |  1.7
Stealth        | |  0.5
Shields        | |  1.0
Hexes          | |  1.0
Earth Magic    | |  2.4

Action                   || total
-------------------------++-------
Melee: Short sword       ||    89
       Bite              ||    27
 Stab: Sleeping          ||     1
Armor: Leather armour    ||    44
Dodge: Dodged            ||    66
